[Event "Early-Titled-Tuesday-Blitz-March-05-2024"]
[Site "Chess.com"]
[Date "2024.03.05"]
[Round "10"]
[White "SahibSinghKnight"]
[Black "Neijin"]
[Result "1/2-1/2"]
[WhiteElo "2588"]
[BlackElo "2722"]
[TimeControl "180+1"]
[EndTime "10:00:55 PST"]
[Termination "Game drawn - insufficient material"]

1. e4 e5 2. Nf3 Nc6 3. Bb5 Nf6 4. O-O Nxe4 5. d4 Nd6 6. Bxc6 dxc6 7. dxe5 Nf5 8. Qxd8+ Kxd8 9. Nc3 Ke8 10. Bf4 h5 11. h3 Be6 12. a3 Be7 13. Ng5 h4 14. Rfe1 Rh5 15. Nxe6 fxe6 16. Rad1 Rd8 17. Rxd8+ Bxd8 18. Ne2 Be7 19. b4 c5 20. c3 cxb4 21. axb4 Kd7 22.
Bd2 Rh8 23. Nf4 Bg5 24. Rd1 Bxf4 25. Bxf4+ Kc6 26. c4 a6 27. Bg5 b6 28. Ra1 Ra8 29. b5+ Kb7 30. Kf1 a5 31. Ra4 Rf8 32. Ke1 Rf7 33.
c5 bxc5 34. Rxa5 Kb6 35. Ra6+ Kxb5 36. Rxe6 Nd4 37. Re8 Rf5 38. f4 Kc6 39. e6 Nb5 40. e7 Nd6 41. Rf8 Rd5 42. e8=Q+ Nxe8 43. Rxe8 c4 44. Re4 Kb5 45. Bxh4 c3 46. Re7 c2 47.
Rxc7 Rd1+ 48. Ke2 c1=Q 49. Rxc1 Rxc1 50. f5 Kc6 51. f6 gxf6 52. Bxf6 Kd5 53. Bg5 Rc2+ 54.
Bd2 Ke4 55. g4 Ra2 56. h4 Ra3 57. h5 Rh3 58. h6 Rh2+ 59. Ke1 Kf3 60. Kd1 Kxg4 61.
Kc2 Kf5 62. Kc3 Ke4 63. Bc1 Rh3+ 64. Kc4 Rh1 65. Bg5 Kf5 66. Bd2 Ke4 67. Bg5 Rh5 68. Bd2 Rh2 69. Bg5 Rc2+ 70. Kb3 Rc7 71. Bf6 Rb7+ 72.
Kc4 Kf5 73. Bg7 Kg6 74. Kd5 Rf7 75. Ke5 Rf1 76. Ke6 Re1+ 77. Kd5 Rh1 78. Kd6 Kf7 79.
Ke5 Re1+ 80. Kf5 Rf1+ 81. Kg5 Kg8 82. Kg6 Rg1+ 83. Kf5 Kh7 84. Kf6 Rg2 85. Kf7 Rf2+ 86. Ke7 Kg6 87. Kd6 Rh2 88. Ke6 Re2+ 89. Kd6 Re1 90.
Kd7 Kf7 91. Kc6 Rh1 92. Kd5 Rh5+ 93. Ke4 Ke6 94. Kf4 Kf7 95. Kg4 Kg6 96. Kf4 Rh4+ 97.
Ke5 Rh2 98. Ke6 Re2+ 99. Kd6 Kf7 100. Kc5 Rd2 101. Kc4 Rd8 102. Kc5 Rd7 103. Kc6 Rd1 104. Kc5 Rd2 105. Kc6 Rh2 106. Kc5 Ke6 107. Kc4 Kf5 108.
Kd5 Rd2+ 109. Kc6 Ke6 110. h7 Rc2+ 111. Kb5 Rh2 112.
h8=Q Rxh8 113. Bxh8 1/2-1/2

[Event "Early-Titled-Tuesday-Blitz-March-05-2024"]
[Site "Chess.com"]
[Date "2024.03.05"]
[Round "10"]
[White "Sebastian"]
[Black "Hikaru"]
[Result "1/2-1/2"]
[WhiteElo "2932"]
[BlackElo "3255"]
[TimeControl "180+1"]
[EndTime "10:01:48 PST"]
[Termination "Game drawn - insufficient material"]

1. e4 a6 2. d4 e6 3. Nf3 d5 4. Nc3 Nf6 5. e5 Nfd7 6. Ne2 c5 7. c3 Nc6 8. Nf4 cxd4 9. cxd4 Qa5+ 10. Bd2 Bb4 11.
h4 g6 12. a3 Bxd2+ 13. Qxd2 Qxd2+ 14. Kxd2 h6 15. Bd3 Nb6 16. b3 Bd7 17. h5 g5 18. Ne2 f5 19. exf6 Kf7 20. Nh2 Kxf6 21. Ng4+ Ke7 22. Ne5 Nxe5 23. dxe5 Raf8 24. f3 Bc6 25.
Nd4 Nd7 26. Rae1 Rf4 27. Ne2 Rff8 28. Nd4 g4 29. Rh4 gxf3 30. gxf3 Rhg8 31. Bg6 Nb8 32. f4 Be8 33. f5 exf5 34. Nxf5+ Kd8 35. e6 Rf6 36. Re5 Bxg6 37. hxg6 Rfxg6 38. Rxd5+ Kc7 39. Rxh6 Rxh6 40. Nxh6 Re8 41. Re5 Nc6 42. Re4 Kd6 43. Nf5+ Kd5 44. Re3 Rxe6 45. Rxe6 Kxe6 46. Ne3 Nd4 47. b4 Ke5 48. Kc3 Nb5+ 49. Kb3 Kd4 50. Nf5+ Kd3 51. Ne7 Nd4+ 52. Kb2 Kc4 53. Nc8 Nf5 54.
Nb6+ Kb5 55. Nd7 Ne3 56. Ne5 Ka4 57. Ka2 Nc2 58. Nc4 Kb5 59. Nb2 Nd4 60. Nd3 b6 61. Kb2 Kc4 62. Ne5+ Kd5 63. Nd3 Ne2 64. Nc1 Nf4 65.
Nb3 Kc4 66. Nd2+ Kd3 67. Nf3 Ke4 68. Nd2+ Kd4 69. Nf3+ Kd5 70. Kb3 Ne2 71. Nd2 Nd4+ 72.
Kc3 Nb5+ 73. Kb3 Nd6 74. Kc3 b5 75. Kb3 Kd4 76. Nf3+ Ke4 77. Nd2+ Kd3 78. Nf3 Nc4 79. Ng5 Nd2+ 80. Kb2 Kc4 81. Ne6 Ne4 82. Nc7 Nf2 83. Nxa6 Ne4 84. Nc7 Nf2 85. Ne8 Ne4 86. Ng7 Nf2 87.
Nf5 Nd3+ 88. Ka2 Kd5 89. Kb3 Ne5 90. Ne3+ Kc6 91. Nc2 Nf3 92. Kc3 Kd5 93. Ne3+ Ke4 94. Nd1 Ne5 95. Kc2 Kd5 96. Nc3+ Kc4 97. Nb1 Nf3 98.
Kb2 Ne5 99. Nd2+ Kd5 100. Kc3 Kc6 101. Ne4 Kd5 102. Nd2 Kc6 103. Kd4 Kd6 104. Ne4+ Ke6 105. Nc3 Nc4 106. Nxb5 Nb2 107. Kc3 Na4+ 108. Kb3 Nb6 109. a4 Kd5 110. Nc3+ Kc6 111. a5 Nd7 112. Kc4 Ne5+ 113. Kd4 Nf3+ 114. Ke3 Ne5 115. Ke4 Nc4 116. Kd4 Nd6 117.
Kd3 Nf5 118. Kc4 Nd6+ 119. Kb3 Nf5 120. Ne2 Kb5 121. Kc3 Ne7 122. Nd4+ Ka6 123. Kb3 Nd5 124. Kc4 Ne3+ 125. Kc5 Ng4 126. Nb3 Ne5 127. b5+ Kb7 128. a6+ Ka7 129. Na5 Nd3+ 130. Kc4 Ne5+ 131. Kd5 Nd3 132. Nc4 Nf4+ 133. Kd6 Nd3 134. Kc7 Nc5 135. Ne5 Nxa6+ 136. Kc6 Nb4+ 137. Kc5 Nc2 138. b6+ Kb7 139. Nf7 Ne1 140. Nd6+ Kb8 141. Nf7 Nd3+ 142. Kc6 Nb4+ 143. Kb5 Nd5 144. Nd6 Nxb6 1/2-1/2

[Event "Early-Titled-Tuesday-Blitz-March-05-2024"]
[Site "Chess.com"]
[Date "2024.03.05"]
[Round "11"]
[White "SharapovEvgeny"]
[Black "PavelShkapenko"]
[Result "0-1"]
[WhiteElo "2554"]
[BlackElo "2746"]
[TimeControl "180+1"]
[EndTime "10:03:48 PST"]
[Termination "PavelShkapenko won by resignation"]

1. c4 e5 2. Nc3 Bb4 3. g3 Bxc3 4.
dxc3 Ne7 5. Bg2 Nbc6 6. Nf3 O-O 7. O-O d6 8. Ne1 Be6 9. b3 Qd7 10. Nc2 Bh3 11. Ne3 Bxg2 12. Kxg2 f5 13. Nd5 f4 14. f3 Nxd5 15. Qxd5+ Kh8 16. c5 Ne7 17. Qxb7 d5 18. Qa6 Rf6 19. g4 Rxa6 0-1

[Event "Early-Titled-Tuesday-Blitz-March-05-2024"]
[Site "Chess.com"]
[Date "2024.03.05"]
[Round "11"]
[White "ReadySkate"]
[Black "Quattroporte300"]
[Result "1-0"]
[WhiteElo "2575"]
[BlackElo "2453"]
[TimeControl "180+1"]
[EndTime "10:04:20 PST"]
[Termination "ReadySkate won by resignation"]

1. d4 Nf6 2. c4 b6 3. Nc3 Bb7 4. f3 d5 5. cxd5 Nxd5 6. e4 Nxc3 7. bxc3 e5 8. Be3 exd4 9. cxd4 Bb4+ 10. Kf2 O-O 11.
Bd3 Nd7 12. Ne2 Qh4+ 13. g3 Qh3 14. Nf4 Qh6 15. Nd5 Qd6 16. Bf4 Qe6 17. Nxb4 c5 18.
d5 Qf6 19. Nc2 Ne5 20. Bxe5 Qxe5 21. Qd2 f5 22. Rhe1 fxe4 23. Bxe4 Rad8 24. Rad1 Rd6 25. Bxh7+ 1-0

[Event "Early-Titled-Tuesday-Blitz-March-05-2024"]
[Site "Chess.com"]
[Date "2024.03.05"]
[Round "11"]
[White "ritanovikova"]
[Black "Happy1712Drummer"]
[Result "1-0"]
[WhiteElo "2198"]
[BlackElo "2281"]
[TimeControl "180+1"]
[EndTime "10:04:24 PST"]
[Termination "ritanovikova won by resignation"]

1. e4 c5 2. Nc3 Nc6 3. d3 g6 4. Be3 d6 5. Qd2 Bg7 6. g3 e6 7. Bg2 Nge7 8. Bh6 O-O 9. h4 f5 10. h5 Bxh6 11. Qxh6 Rf7 12. hxg6 Nxg6 13. Nf3 Nd4 14. O-O-O Nxf3 15. Bxf3 b5 16. exf5 exf5 17.
Bxa8 b4 18. Bd5 Ne5 19. Qxh7+ Kf8 20. Qh8+ Ke7 21. Qxd8+ Kxd8 22. Bxf7 1-0

[Event "Early-Titled-Tuesday-Blitz-March-05-2024"]
[Site "Chess.com"]
[Date "2024.03.05"]
[Round "11"]
[White "manitodeplomo"]
[Black "djano"]
[Result "1-0"]
[WhiteElo "2713"]
[BlackElo "2566"]
[TimeControl "180+1"]
[EndTime "10:04:30 PST"]
[Termination "manitodeplomo won by resignation"]

1. d4 Nf6 2. c4 g6 3. Nc3 Bg7 4. e4 d6 5. Be2 O-O 6. Nf3 e5 7. d5 a5 8. Bg5 h6 9. Bh4 Na6 10. Nd2 Nc5 11. O-O Bd7 12. Qc2 Qe8 13. b3 Nh7 14. a3 f5 15. f3 Bf6 16. Bf2 Qe7 17. b4 axb4 18. axb4 Na6 19. c5 Nxb4 20. Qb3 dxc5 21.
d6+ Qf7 22. Bc4 1-0

[Event "Early-Titled-Tuesday-Blitz-March-05-2024"]
[Site "Chess.com"]
[Date "2024.03.05"]
[Round "11"]
[White "DarZay"]
[Black "Rawnsdale"]
[Result "0-1"]
[WhiteElo "2325"]
[BlackElo "2494"]
[TimeControl "180+1"]
[EndTime "10:04:39 PST"]
[Termination "Rawnsdale won by resignation"]

1. e4 c6 2. d4 d5 3. Nc3 dxe4 4. Nxe4 Nf6 5. Nxf6+ exf6 6. c3 Bd6 7. Nf3 O-O 8.
Bd3 Re8+ 9. Be3 Nd7 10. Qc2 Nf8 11. O-O-O a5 12. h3 a4 13. g4 Be6 14. Rhg1 Bxa2 15.
Rde1 Bb3 16. Qb1 a3 17. bxa3 Bxa3+ 18. Kd2 Bd5 19. Rg3 Bd6 20. Nh4 Ra2+ 21. Bc2 Bxg3 22.
fxg3 Be4 23. Rc1 Rxc2+ 24. Rxc2 Bxc2 25. Qxc2 Qe7 26. Nf5 Qe4 27. Qxe4 Rxe4 28. Nd6 Re7 29. Nf5 Rd7 30. Bf4 Ne6 31. Bd6 g6 32. Ne7+ Kg7 33. Nc8 Rd8 0-1

[Event "Early-Titled-Tuesday-Blitz-March-05-2024"]
[Site "Chess.com"]
[Date "2024.03.05"]
[Round "11"]
[White "janhelmer03"]
[Black "margarita_2703"]
[Result "1-0"]
[WhiteElo "2398"]
[BlackElo "2378"]
[TimeControl "180+1"]
[EndTime "10:04:41 PST"]
[Termination "janhelmer03 won by resignation"]

1. Nf3 d5 2. e3 Nf6 3. c4 e6 4. Nc3 c5 5. cxd5 exd5 6. d4 a6 7. Be2 Nc6 8. O-O h6 9. b3 Be6 10. Bb2 Bd6 11. dxc5 Bxc5 12. Rc1 Bb4 13. Na4 O-O 14. Nc5 Bxc5 15. Rxc5 Nd7 16. Rc1 Rc8 17. Bd3 Bg4 18. Bb1 Nce5 19. Qxd5 Nxf3+ 20. gxf3 Rxc1 21. Rxc1 Be6 22. Qd3 Qg5+ 23. Kh1 f5 24. Rg1 1-0

[Event "Early-Titled-Tuesday-Blitz-March-05-2024"]
[Site "Chess.com"]
[Date "2024.03.05"]
[Round "11"]
[White "FredddieCroderg"]
[Black "pfalcon1949"]
[Result "1-0"]
[WhiteElo "2275"]
[BlackElo "1952"]
[TimeControl "180+1"]
[EndTime "10:05:09 PST"]
[Termination "FredddieCroderg won by resignation"]

1. e4 e6 2. d4 d5 3. exd5 exd5 4.
Bd3 c5 5. Nf3 c4 6. Be2 Bd6 7.
O-O Ne7 8. b3 cxb3 9. axb3 O-O 10. c4 b6 11. Ba3 Bb7 12. c5 bxc5 13. dxc5 Bc7 14. Nd4 Nbc6 15. b4 Ng6 16. b5 Bxh2+ 17. Kxh2 Qh4+ 18. Kg1 Nxd4 19. c6 Bc8 20. Bxf8 Nxf8 21.
g3 Qe4 22. Nc3 Bh3 23. Nxe4 1-0

[Event "Early-Titled-Tuesday-Blitz-March-05-2024"]
[Site "Chess.com"]
[Date "2024.03.05"]
[Round "11"]
[White "Aleksandar-Topalov"]
[Black "toninhojit"]
[Result "0-1"]
[WhiteElo "2359"]
[BlackElo "2503"]
[TimeControl "180+1"]
[EndTime "10:05:41 PST"]
[Termination "toninhojit won by resignation"]

1. b3 d5 2. Bb2 Nf6 3. Nf3 g6 4. c4 Bg7 5. cxd5 Qxd5 6. g3 O-O 7.
Bg2 Qd8 8. O-O c5 9. d3 Nc6 10.
Nbd2 Be6 11. Rc1 b6 12. a3 Rc8 13.
Nc4 Bd5 14. Qd2 Qd7 15. b4 cxb4 16. axb4 Rfd8 17. b5 Nb8 18. Qb4 e6 19. Nce5 Qe8 20.
Nd4 Bxg2 21. Kxg2 Nd5 0-1

[Event "Early-Titled-Tuesday-Blitz-March-05-2024"]
[Site "Chess.com"]
[Date "2024.03.05"]
[Round "11"]
[White "nicolasbatista3"]
[Black "lamomiajunior"]
[Result "0-1"]
[WhiteElo "2482"]
[BlackElo "2709"]
[TimeControl "180+1"]
[EndTime "10:05:59 PST"]
[Termination "lamomiajunior won by resignation"]

1. d4 Nf6 2. c4 e6 3. Nc3 g6 4. e4 Bg7 5. Be3 d6 6. h4 h5 7.
Be2 b6 8. g4 hxg4 9. Bxg4 Nxg4 10. Qxg4 e5 11. Qd1 Rxh4 12. Rxh4 Qxh4 13. Qd2 Bg4 14. Nd5 Qh1 15. f3 exd4 16. Bxd4 Nc6 17. Bf2 Bxf3 18. Nxc7+ Kd7 19. Nxa8 Ne5 20. Qd5 Bxe4 21.
Qb5+ Bc6 22. Qa6 Nd3+ 23. Kf1 Qg2+ 0-1

[Event "Early-Titled-Tuesday-Blitz-March-05-2024"]
[Site "Chess.com"]
[Date "2024.03.05"]
[Round "11"]
[White "corvachesky"]
[Black "kids2010"]
[Result "0-1"]
[WhiteElo "2521"]
[BlackElo "2787"]
[TimeControl "180+1"]
[EndTime "10:06:12 PST"]
[Termination "kids2010 won by resignation"]

1. Nf3 d5 2. d4 Nf6 3. g3 c6 4. Bg2 Bf5 5. c4 e6 6. Nc3 Nbd7 7. Qb3 Qb6 8. c5 Qxb3 9. axb3 a6 10. h3 h6 11. g4 Bh7 12. Bf4 Ne4 13. O-O g5 14. Bh2 Bg7 15. e3 O-O 16. Nxe4 Bxe4 17. Nd2 Bxg2 18. Kxg2 e5 19. Nf3 Rae8 20. b4 f5 21.
gxf5 Rxf5 22. dxe5 Nxe5 23. Nxe5 Bxe5 24. Bxe5 Rfxe5 25. Rfd1 Re4 26. Rd4 Rxd4 27. exd4 Re2 28. Rb1 Rd2 29.
Re1 Kf7 30. h4 gxh4 31. Re3 Rxd4 32. Rb3 Rf4 33. f3 Kf6 34. Kh3 d4 35. Rd3 Ke6 0-1

[Event "Early-Titled-Tuesday-Blitz-March-05-2024"]
[Site "Chess.com"]
[Date "2024.03.05"]
[Round "11"]
[White "dianamirza"]
[Black "Kapitan_Bayan"]
[Result "0-1"]
[WhiteElo "2009"]
[BlackElo "2282"]
[TimeControl "180+1"]
[EndTime "10:06:29 PST"]
[Termination "Kapitan_Bayan won by resignation"]

1. e4 c5 2. c4 Nc6 3. Nc3 g6 4. g3 Bg7 5. Bg2 e6 6. d3 Nge7 7. Be3 Nd4 8. Qd2 O-O 9. Nge2 Qc7 10. O-O a6 11. Bh6 Nec6 12. Bxg7 Kxg7 13. f4 b6 14. g4 Bb7 15. f5 exf5 16. gxf5 f6 17. Nd5 Qe5 18.
Nxb6 Nxe2+ 19. Qxe2 Nd4 20. Qg4 Rad8 21. fxg6 Qe6 22.
gxh7+ Qxg4 23. Kh1 Kxh7 24. Nd5 Bxd5 25. exd5 f5 26.
Rae1 Rf7 27. Rg1 Ne2 28. Rgf1 Nf4 29. Bf3 Qh4 30. d6 Rh8 31. Bd5 Rg7 32. d4 Kg6 0-1

[Event "Early-Titled-Tuesday-Blitz-March-05-2024"]
[Site "Chess.com"]
[Date "2024.03.05"]
[Round "11"]
[White "The_Straightforward_Rook"]
[Black "chessamical"]
[Result "0-1"]
[WhiteElo "2452"]
[BlackElo "2222"]
[TimeControl "180+1"]
[EndTime "10:06:32 PST"]
[Termination "chessamical won by resignation"]

1. e4 e6 2. b3 e5 3. Nf3 Nc6 4. Bb5 d6 5. O-O Bd7 6. c3 Nf6 7.
Re1 a6 8. Bf1 Be7 9. d4 exd4 10.
cxd4 Bg4 11. Bb2 O-O 12. Nbd2 Re8 13. Rc1 Bf8 14. Qc2 Rc8 15. h3 Bh5 16. Bxa6 Nb4 17. Qb1 Nxa6 18. a3 d5 19. e5 Bg6 20. Qa2 Ne4 21. b4 Nxd2 22. Nxd2 c6 23. Qb3 Nc7 24. a4 Qe7 25. Bc3 Ne6 26. Nf1 Nf4 27. Re3 Qg5 28. Rg3 Nxh3+ 29. gxh3 Qxc1 0-1

[Event "Early-Titled-Tuesday-Blitz-March-05-2024"]
[Site "Chess.com"]
[Date "2024.03.05"]
[Round "11"]
[White "Neijin"]
[Black "Let_it_be_1"]
[Result "0-1"]
[WhiteElo "2711"]
[BlackElo "2599"]
[TimeControl "180+1"]
[EndTime "10:06:35 PST"]
[Termination "Let_it_be_1 won by checkmate"]

1. e4 e6 2. d4 d5 3. Nd2 Nf6 4.
e5 Nfd7 5. Bd3 c5 6. c3 Nc6 7. Ne2 f6 8. exf6 Nxf6 9. Nf3 Bd6 10. Bg5 O-O 11. O-O Qc7 12. Qc2 c4 13. Bxc4 dxc4 14. Ng3 e5 15. Rae1 exd4 16. cxd4 Nb4 17. Qd2 Nd3 18. Re2 Bg4 19. b3 Bxf3 20. gxf3 Bf4 21. Bxf4 Nxf4 22. Re3 N6d5 23. Re5 c3 24. Qc2 Nb4 25. Qe4 Nbd3 26. Re7 Qc6 27. d5 Qxd5 28. Qe3 c2 29. Rc7 Rae8 30. Qxa7 Qxf3 31. h3 Qg2# 0-1

[Event "Early-Titled-Tuesday-Blitz-March-05-2024"]
[Site "Chess.com"]
[Date "2024.03.05"]
[Round "11"]
[White "Sjakkerntobi"]
[Black "ChristianArca"]
[Result "0-1"]
[WhiteElo "2473"]
[BlackElo "2681"]
[TimeControl "180+1"]
[EndTime "10:06:38 PST"]
[Termination "ChristianArca won by resignation"]

1. e4 e5 2. Nf3 f5 3. d4 fxe4 4. Nxe5 Nf6 5. Nc3 d6 6. Nc4 d5 7.
Ne5 Bd6 8. f3 O-O 9. Bg5 exf3 10. Qxf3 Be6 11. O-O-O h6 12. Bxf6 Qxf6 13. Qxf6 Rxf6 14.
Bd3 c6 15. Rhf1 Rxf1 16. Rxf1 Bxe5 17. dxe5 Nd7 18. Bf5 Re8 19. Bg6 Rf8 20. Re1 Rf2 21.
Ne2 Nxe5 22. Nd4 Nxg6 23. Rxe6 Rxg2 24. Re8+ Kh7 25. Rb8 Rxh2 26. Rxb7 Rg2 27. Ne6 Ne5 28. Rb8 h5 29. Re8 Nc4 30. c3 h4 31. b3 h3 0-1

[Event "Early-Titled-Tuesday-Blitz-March-05-2024"]
[Site "Chess.com"]
[Date "2024.03.05"]
[Round "11"]
[White "thebeast2900"]
[Black "ChessBliss09"]
[Result "1-0"]
[WhiteElo "2317"]
[BlackElo "2201"]
[TimeControl "180+1"]
[EndTime "10:06:38 PST"]
[Termination "thebeast2900 won by checkmate"]

1. e4 e5 2. Bc4 Nf6 3. d3 Nc6 4. Nc3 Bc5 5. f4 d6 6. Nf3 O-O 7. f5 a6 8. Nd5 b5 9. Nxf6+ gxf6 10. Bd5 Bb7 11. Bh6 Re8 12. c3 b4 13. d4 exd4 14. cxd4 Bb6 15. O-O Na5 16. Bxb7 Nxb7 17. Ne5 Bxd4+ 18.
Kh1 Be3 19. Nxf7 Kxf7 20. Qd5+ Ke7 21. Qe6# 1-0

[Event "Early-Titled-Tuesday-Blitz-March-05-2024"]
[Site "Chess.com"]
[Date "2024.03.05"]
[Round "11"]
[White "JonasEilenberg"]
[Black "stolencandy13"]
[Result "0-1"]
[WhiteElo "2543"]
[BlackElo "2685"]
[TimeControl "180+1"]
[EndTime "10:06:42 PST"]
[Termination "stolencandy13 won by checkmate"]

1. d4 d5 2. c4 c6 3. cxd5 cxd5 4. Bf4 Nc6 5. e3 Nf6 6. Nc3 e6 7. Bd3 a6 8. Rc1 Be7 9. Nf3 O-O 10. h3 Bd7 11. O-O Rc8 12. Ne5 Be8 13. Bb1 Nd7 14.
Nf3 f5 15. a3 Bh5 16. b4 Nf6 17. Na4 Ne4 18. Nc5 Nxc5 19. bxc5 g5 20. Bh2 Qe8 21. Qb3 Bxf3 22. gxf3 Qh5 23. Kg2 g4 24. hxg4 fxg4 25. Rh1 Qh3+ 26. Kg1 gxf3 27. Bxh7+ Kf7 28. Bg6+ Kxg6 29.
Qd3+ Rf5 30. Qf1 Rg5+ 31. Bg3 Rxg3+ 32. fxg3 Qxg3+ 33. Qg2 Qxg2# 0-1

[Event "Early-Titled-Tuesday-Blitz-March-05-2024"]
[Site "Chess.com"]
[Date "2024.03.05"]
[Round "11"]
[White "ChessSwole"]
[Black "LiamPutnam2008"]
[Result "0-1"]
[WhiteElo "2727"]
[BlackElo "2894"]
[TimeControl "180+1"]
[EndTime "10:06:54 PST"]
[Termination "LiamPutnam2008 won by resignation"]

1. d4 Nf6 2. Bf4 e6 3. e3 c5 4.
Nc3 cxd4 5. exd4 Bb4 6. Bd3 Nc6 7. Nf3 O-O 8. O-O Bxc3 9. bxc3 b6 10. Re1 Bb7 11. Bd6 Re8 12. h3 Rc8 13. Qd2 Na5 14.
Ne5 Bd5 15. Ba6 Ne4 16. Qf4 Nxd6 17. Bxc8 Qxc8 18. Re3 f6 19. Ng4 Nf5 20. Rd3 Qb8 21. Qd2 Nc4 22. Qe2 h5 23. Nh2 h4 24. Re1 Qf4 25.
Qh5 Ncd6 26. c4 Bxc4 27. Rf3 Qg5 28. Qxg5 fxg5 29. Ng4 Nxd4 30. Ra3 Nxc2 0-1

[Event "Early-Titled-Tuesday-Blitz-March-05-2024"]
[Site "Chess.com"]
[Date "2024.03.05"]
[Round "11"]
[White "MeesvanOsch"]
[Black "sergeikim"]
[Result "0-1"]
[WhiteElo "2370"]
[BlackElo "2567"]
[TimeControl "180+1"]
[EndTime "10:06:54 PST"]
[Termination "sergeikim won by checkmate"]

1. e4 e5 2. Nf3 Nc6 3. c3 d5 4.
Qa4 f6 5. d4 dxe4 6. d5 Qxd5 7.
Bc4 Qa5 8. Qb3 exf3 9. Bxg8 Rxg8 10. Qxg8 fxg2 11. Rg1 Qa4 12. Be3 Bf5 13. Rxg2 O-O-O 14. Qb3 Qe4 15. Rg1 Qh4 16. Nd2 Qh5 17. h4 Qxh4 18.
O-O-O Qh5 19. a4 Qe8 20. Qb5 a6 21. Qe2 Qe6 22. b3 Ba3# 0-1

[Event "Early-Titled-Tuesday-Blitz-March-05-2024"]
[Site "Chess.com"]
[Date "2024.03.05"]
[Round "11"]
[White "Dale"]
[Black "kyuotbi"]
[Result "0-1"]
[WhiteElo "2109"]
[BlackElo "2307"]
[TimeControl "180+1"]
[EndTime "10:06:57 PST"]
[Termination "kyuotbi won by checkmate"]

1. Nf3 Nf6 2. h3 g6 3. g4 Bg7 4.
g5 Nh5 5. d4 d5 6. c4 dxc4 7.
Qa4+ Bd7 8. Qxc4 Bc6 9. Nc3 Bxf3 10. exf3 Qxd4 11. Qb5+ Nd7 12. Be3 Qe5 13. Qxb7 Rb8 14. Qxa7 Rxb2 15. Rc1 O-O 16. Qa6 Nc5 17. Qc6 Ne6 18.
Bc4 Nxg5 19. h4 Ne6 20. O-O Nef4 21. Rfe1 Nh3+ 22. Kg2 Qg3+ 23. Kh1 Nxf2+ 24. Bxf2 Rxf2 25. Bxf7+ Rxf7 26. Qe6 Qh2# 0-1

[Event "Early-Titled-Tuesday-Blitz-March-05-2024"]
[Site "Chess.com"]
[Date "2024.03.05"]
[Round "11"]
[White "SahibSinghKnight"]
[Black "FREDERICKtheMATE"]
[Result "1/2-1/2"]
[WhiteElo "2591"]
[BlackElo "2718"]
[TimeControl "180+1"]
[EndTime "10:07:15 PST"]
[Termination "Game drawn by repetition"]

1. e4 c6 2. d4 d5 3. e5 Bf5 4.
Nf3 e6 5. Be2 Bb4+ 6. c3 Ba5 7.
O-O Ne7 8. a4 h6 9. Nbd2 O-O 10.
Ne1 Nd7 11. f4 Bh7 12. b4 Bc7 13. Bd3 Bxd3 14. Nxd3 f5 15. exf6 Rxf6 16. Ne5 Nxe5 17. fxe5 Rxf1+ 18. Nxf1 Qf8 19. Qg4 Qf5 20. Qxf5 Nxf5 21.
Ne3 Rf8 22. Nxf5 Rxf5 23. Be3 Kf7 24. Rf1 Kg6 25. g4 Rxf1+ 26. Kxf1 b5 27. a5 a6 28. Bf4 Bd8 29. Kg2 Bg5 30. Kf3 Bxf4 31. Kxf4 h5 32. h4 Kh6 33. g5+ Kh7 34. Kg3 g6 35.
Kf4 Kg7 36. Ke3 Kf7 37. Kd3 Ke7 38. Ke3 Kd7 39. Kd3 Kc7 40. Ke3 Kd7 41. Kd3 Kc7 42. Ke3 Kc8 43. Kd3 Kb7 44. Ke3 Kc7 45. Kd3 Kb8 46. Ke3 Ka7 47. Kd3 Kb7 48. Ke3 Ka8 49.
Kd3 Ka7 50. Ke3 Kb8 51. Kd3 Kc7 1/2-1/2

[Event "Early-Titled-Tuesday-Blitz-March-05-2024"]
[Site "Chess.com"]
[Date "2024.03.05"]
[Round "11"]
[White "Viktor_Poddubnyi"]
[Black "AttilaTurzo"]
[Result "0-1"]
[WhiteElo "2287"]
[BlackElo "2482"]
[TimeControl "180+1"]
[EndTime "10:07:15 PST"]
[Termination "AttilaTurzo won by resignation"]

1. e4 c5 2. Nf3 d6 3. d4 cxd4 4. Nxd4 Nf6 5. Nc3 a6 6. Bg5 e6 7. Qf3 Qc7 8. Bxf6 gxf6 9. Qxf6 Rg8 10. O-O-O b5 11. a3 Be7 12. Qf3 Bb7 13. Bd3 Nd7 14.
Rhe1 Ne5 15. Qh3 Ng4 16. Qxh7 O-O-O 17. Kb1 Nxf2 18. Rd2 Nxd3 19. cxd3 Bf6 20. Nf3 Rh8 0-1

[Event "Early-Titled-Tuesday-Blitz-March-05-2024"]
[Site "Chess.com"]
[Date "2024.03.05"]
[Round "11"]
[White "annamaja"]
[Black "mfschulz"]
[Result "0-1"]
[WhiteElo "2431"]
[BlackElo "2327"]
[TimeControl "180+1"]
[EndTime "10:07:16 PST"]
[Termination "mfschulz won on time"]

1. e4 g6 2. d4 Bg7 3. Nf3 c6 4.
Nc3 d5 5. h3 Nh6 6. Bf4 f6 7. Qd2 Nf7 8. O-O-O O-O 9. h4 b5 10.
a3 a5 11. Kb1 b4 12. axb4 axb4 13. exd5 cxd5 14. Nb5 Qa5 15. c3 Qa2+ 16. Kc2 b3+ 17.
Kd3 Bf5+ 18. Ke3 e5 19. dxe5 fxe5 20. Bg5 d4+ 21. cxd4 exd4+ 22. Kf4 Nxg5 0-1

[Event "Early-Titled-Tuesday-Blitz-March-05-2024"]
[Site "Chess.com"]
[Date "2024.03.05"]
[Round "11"]
[White "GoValya"]
[Black "giomar27"]
[Result "0-1"]
[WhiteElo "2235"]
[BlackElo "2403"]
[TimeControl "180+1"]
[EndTime "10:07:18 PST"]
[Termination "giomar27 won by checkmate"]

1. d4 f6 2. c4 g6 3. d5 Nh6 4.
Nc3 Nf7 5. e4 Bg7 6. Nf3 O-O 7.
Be2 d6 8. h4 e5 9. dxe6 Bxe6 10. h5 Ne5 11. Nxe5 fxe5 12. hxg6 hxg6 13. Be3 Nc6 14.
Qd2 Nd4 15. O-O-O c6 16. Bh6 Qf6 17. Bxg7 Qxg7 18. f3 a6 19. Rh4 g5 20. Rh5 Rf4 21.
g3 Bf7 22. gxf4 Bxh5 23. fxg5 Rf8 24. Rh1 Bxf3 25. Qe3 Rf4 26. Rh2 Qxg5 27. Bxf3 Nxf3 28. Rf2 Qg1+ 29. Kc2 Nd4+ 30. Qxd4 Rxf2+ 31. Kb3 exd4 32. Na4 Qd1+ 33. Ka3 d3 34. b3 d2 35. Nc3 Qc1+ 36.
Ka4 Qxc3 37. a3 d1=Q 38. c5 Qdd4+ 39. b4 Qdxb4+ 40. axb4 Ra2# 0-1

[Event "Early-Titled-Tuesday-Blitz-March-05-2024"]
[Site "Chess.com"]
[Date "2024.03.05"]
[Round "11"]
[White "Mariia89"]
[Black "FMStan15"]
[Result "0-1"]
[WhiteElo "2244"]
[BlackElo "2104"]
[TimeControl "180+1"]
[EndTime "10:07:18 PST"]
[Termination "FMStan15 won by resignation"]

1. d4 Nf6 2. Nf3 g6 3. c4 d6 4. Nc3 Bg7 5. e4 O-O 6. Be2 e5 7.
O-O Nbd7 8. Re1 c6 9. Bf1 a5 10. Rb1 Nh5 11. b3 Qe7 12. a3 Nf4 13. b4 axb4 14.
axb4 Ne6 15. d5 Nd4 16. Bg5 Nxf3+ 17. Qxf3 Qxg5 18. dxc6 bxc6 19. Red1 Qe7 20. b5 Bb7 21. Rd2 Bh6 22. Rd3 Nc5 23. Rdd1 Ne6 24. g3 Nd4 25.
Qg4 Qe6 26. Bh3 Qxg4 27. Bxg4 f5 28. exf5 gxf5 29. Bh5 c5 30. Re1 Bf3 31. g4 Bxg4 32.
Bxg4 fxg4 33. Kg2 Bd2 34. Re4 Bxc3 35. Rxg4+ Kh8 0-1

[Event "Early-Titled-Tuesday-Blitz-March-05-2024"]
[Site "Chess.com"]
[Date "2024.03.05"]
[Round "11"]
[White "BogdanDeac"]
[Black "ChessQueen"]
[Result "1-0"]
[WhiteElo "2979"]
[BlackElo "2764"]
[TimeControl "180+1"]
[EndTime "10:07:22 PST"]
[Termination "BogdanDeac won by resignation"]

1. e4 c6 2. Nf3 d5 3. Nc3 dxe4 4.
Nxe4 Nf6 5. Qe2 Nxe4 6. Qxe4 Nd7 7. Bc4 Nf6 8. Ne5 e6 9. Qe2 b5 10. Bd3 Bb7 11. a4 b4 12. b3 g6 13. Bb2 Bg7 14.
O-O-O O-O 15. h4 Nd5 16. g3 f6 17. Nc4 Qd7 18. h5 g5 19. h6 Bh8 20. f4 f5 21. fxg5 Bxb2+ 22. Kxb2 Rae8 23. Qe5 Qc7 24. Rde1 Qxe5+ 25. Rxe5 Re7 26. Rhe1 Bc8 27. Nd6 Bd7 28. Nxf5 Ref7 29. Nd4 Rf2 30. Nxe6 Bxe6 31. Rxe6 Rxd2 32. Rxc6 Rff2 33. Rc8+ Kf7 34. Bxh7 Nc3 35. g6+ Kf6 36. Rf8+ Kg5 37. Rxf2 1-0